 Dungeon Crawl Stone Soup version 0.22.1-1-ga44c0e5 (webtiles) character file.

2212 delarado the Arsonist (level 9, -5/45 HPs)
             Began as a Deep Elf Fire Elementalist on Nov 7, 2018.
             Was an Initiate of Vehumet.
             Killed from afar by a gargoyle (29 damage)
             ... with a stone arrow
             ... on level 7 of the Dungeon.
             The game lasted 00:38:31 (8804 turns).

delarado the Arsonist (Deep Elf Fire Elementalist)  Turns: 8804, Time: 00:38:31

Health: -5/45      AC:  8    Str:  5    XL:     9   Next: 13%
Magic:  15/15      EV: 15    Int: 24    God:    Vehumet [......]
Gold:   265        SH:  0    Dex: 15    Spells: 0/14 levels left

rFire    . . .     SeeInvis .   q - +1 hunting sling
rCold    . . .     Gourm    .   (no shield)
rNeg     + . .     Faith    .   h - +2 robe {rN+}
rPois    .         Spirit   .   e - +0 hat
rElec    .         Reflect  .   u - +0 cloak
rCorr    .         Harm     .   (no gloves)
MR       .....                  m - +0 pair of boots
Stlth    ++........             (no amulet)
HPRegen  0.15/turn              f - +2 ring of evasion
MPRegen  0.14/turn              p - +2 ring of protection

@: studying Long Blades
A: no striking features
a: Renounce Religion


You were on level 7 of the Dungeon.
You worshipped Vehumet.
Vehumet was noncommittal.
You were not hungry.

You visited 2 branches of the dungeon, and saw 8 of its levels.

You collected 408 gold pieces.
You spent 143 gold pieces at shops.

Inventory:

Hand Weapons
 j - a +0 hand axe
 q - a +1 hunting sling (weapon)
Missiles
 b - 295 stones
 d - 25 poisoned needles
 g - 19 sling bullets (quivered)
 k - 6 needles of frenzy
Armour
 a - a +0 robe
 e - a +0 hat (worn)
 h - a +2 robe of positive energy (worn)
 m - a +0 pair of boots (worn)
 r - a +2 robe of fire resistance
 u - a +0 cloak (worn)
 y - a +0 cloak
Magical Staves
 z - an uncursed staff of death {unknown}
Jewellery
 f - a +2 ring of evasion (left hand)
 p - a +2 ring of protection (right hand)
 s - an uncursed ring of flight {unknown}
 x - an uncursed ring of resist corrosion {unknown}
 B - an uncursed ring of ice {unknown}
Wands
 i - a wand of polymorph (10)
Scrolls
 t - a scroll of enchant weapon
 v - a scroll of enchant armour
 w - 5 scrolls of identify
Potions
 l - a potion of heal wounds
 n - 2 potions of lignification
 o - 4 potions of curing
Books
 A - a manual of Long Blades
Comestibles
 c - 9 rations


   Skills:
 - Level 2.4 Dodging
 - Level 2.4 Stealth
 - Level 3.0 Spellcasting
 + Level 9.4 Conjurations
 + Level 9.9 Fire Magic


You couldn't memorise any spells.
You knew the following spells:

 Your Spells              Type           Power        Failure   Level  Hunger
a - Flame Tongue          Conj/Fire      #####        1%          1    None
b - Sticky Flame          Conj/Fire      ######..     1%          4    ####...
c - Fireball              Conj/Fire      ######....   5%          5    ######.
d - Mephitic Cloud        Conj/Pois/Air  ###.....     9%          3    ###....
e - Magic Dart            Conj           ####         1%          1    None

Your spell library contained the following spells:

 Spells                   Type           Power        Failure   Level  Hunger
 Throw Flame              Conj/Fire      ######       1%          2    ##.....
 Conjure Flame            Conj/Fire      ######..     1%          3    ###....
 Throw Frost              Conj/Ice       ####..       2%          2    ##.....
 Dazzling Spray           Conj/Hex       ####..       4%          3    ###....
 Inner Flame              Hex/Fire       ####....     4%          3    ###....
 Corona                   Hex            #......      11%         1    None
 Freeze                   Ice            #...         11%         1    None
 Summon Small Mammal      Summ           #...         11%         1    None
 Blink                    Tloc           N/A          16%         2    ##.....
 Call Imp                 Summ           #.......     16%         2    ##.....
 Ensorcelled Hibernation  Hex/Ice        #.....       16%         2    ##.....
 Slow                     Hex            #.......     16%         2    ##.....
 Throw Icicle             Conj/Ice       ####....     16%         4    ####...
 Call Canine Familiar     Summ           #.......     32%         3    ###....
 Confuse                  Hex            #.......     32%         3    ###....
 Ozocubu's Armour         Chrm/Ice       #.......     32%         3    ###....
 Summon Guardian Golem    Hex/Summ       #.......     32%         3    ###....
 Tukima's Dance           Hex            #.......     32%         3    ###....
 Summon Ice Beast         Ice/Summ       #.......     71%         4    ####...
 Summon Lightning Spire   Summ/Air       #.......     71%         4    ####...
 Poison Arrow             Conj/Pois      ####......   94%         6    #######
 Chain Lightning          Conj/Air       ####......   100%        8    #######
 Lehudib's Crystal Spear  Conj/Erth      ####......   100%        8    #######
 Fire Storm               Conj/Fire      ######....   100%        9    #######
 Glaciate                 Conj/Ice       ####......   100%        9    #######


Dungeon Overview and Level Annotations

Branches:
Dungeon (7/15)             Temple (1/1) D:6

Altars:
Ashenzari
Cheibriados
Dithmenos
Elyvilon
Fedhas
Gozag
Hepliaklqana
Kikubaaqudgha
Makhleb
Nemelex Xobeh
Okawaru
Qazlal
Ru
Trog
Uskayaw
Vehumet
Wu Jian
Xom
Yredelemnul
Zin
The Shining One

Shops:
D:4 !(%*

Annotations:
D:7 1 runed door


Message History

The gargoyle moves out of view.
The gargoyle hurls a stone arrow at you.
The stone arrow misses you.
Found a bone wand and 5 gold pieces.
Evoke which item? (* to show all) (? for menu, Esc to quit)
Aiming: Polymorph
Press: ? - help, Shift-Dir - straight line, f - gargoyle
Aim: a gargoyle, wielding a mace (chance to defeat MR: 28%)
The gargoyle is unaffected.
The gargoyle hurls a stone arrow at you.
The stone arrow misses you.
You open the door.
The gargoyle hurls a stone arrow at you.
The stone arrow hits you!
There is an open door here.
You swing at nothing.
The gargoyle hurls a stone arrow at you.
The stone arrow hits you!
Ouch! That really hurt!
You die...

##############.......
...#.........#$......
...#.........#/......
[..#.........#.......
...#.........#.....9. '###
...##...#.......######
..########...########.....#
..#.................#.....#
..#.............@..9'.....#
..##..#############'#.....#
..##'## .............##
......# .............#
........... .............#
.#####.###. .............#
...##.#.# .............#
##.#.# #)# ######.........
.##.# #.. +..........


You could see a gargoyle.

Vanquished Creatures
  A troll (D:7)
  Sigmund (D:5)
  Edmund (D:4)
  2 ogres (D:4)
  A sky beast (D:7)
  A phantom (D:5)
  A centaur (D:5)
  A bullfrog (D:6)
  A scorpion (D:4)
  3 wights (D:6)
  A jelly (D:6)
  A bullfrog zombie (D:5)
  A centaur zombie (D:5)
  3 orc priests (D:4)
  6 hounds
  5 orc wizards
  2 bullfrog skeletons
  3 iguanas
  4 worker ants
  A hound skeleton (D:6)
  10 adders
  8 gnolls
  An adder zombie (D:6)
  2 adder skeletons (D:6)
  2 worms
  2 leopard geckos (D:4)
  16 orcs
  5 giant cockroaches
  17 goblins
  7 hobgoblins
  3 jackals (D:4)
  A quokka (D:5)
  8 bats
  6 frilled lizards
  6 kobolds
  A leopard gecko skeleton (D:6)
  2 quokka skeletons
  15 rats
152 creatures vanquished.

Notes
Turn   | Place    | Note
-------+----------+-------------------------------------------
     0 | D:1      | delarado the Deep Elf Fire Elementalist began the quest for
                  | the Orb.
     0 | D:1      | Reached XP level 1. HP: 10/10 MP: 6/6
    16 | D:1      | Reached XP level 2. HP: 15/15 MP: 1/8
   699 | D:1      | Reached XP level 3. HP: 19/19 MP: 6/9
  1309 | D:2      | Found a white marble altar of Elyvilon.
  1571 | D:2      | Found a shadowy altar of Dithmenos.
  1575 | D:2      | Found a burning altar of Makhleb.
  1576 | D:2      | Found a snail-covered altar of Cheibriados.
  1578 | D:2      | Found a basalt altar of Yredelemnul.
  1827 | D:2      | Reached XP level 4. HP: 24/24 MP: 7/10
  2444 | D:3      | Reached skill level 5 in Fire Magic
  2444 | D:3      | Reached XP level 5. HP: 20/28 MP: 6/11
  2546 | D:3      | Learned a level 4 spell: Sticky Flame
  3063 | D:4      | Found Toaxoada's Distillery.
  3339 | D:4      | Found Vusoemad's Assorted Antiques.
  3390 | D:4      | Reached XP level 6. HP: 26/32 MP: 8/12
  3518 | D:4      | Reached skill level 5 in Conjurations
  3792 | D:4      | Found Yqa Maotza's Food Boutique.
  3811 | D:4      | Bought a potion of heal wounds for 65 gold pieces
  3811 | D:4      | Bought a potion of lignification for 39 gold pieces
  3811 | D:4      | Bought a potion of curing for 39 gold pieces
  4359 | D:4      | Found Poifuetu's Weapon Emporium.
  4384 | D:4      | Reached XP level 7. HP: 32/36 MP: 7/13
  5274 | D:5      | Entered Level 5 of the Dungeon
  5274 | D:5      | Noticed Edmund
  5274 | D:5      | Noticed Sigmund
  5284 | D:4      | Killed Edmund
  5413 | D:5      | Killed Sigmund
  5413 | D:5      | Reached XP level 8. HP: 24/41 MP: 2/14
  6487 | D:5      | Learned a level 5 spell: Fireball
  7725 | D:6      | Found a staircase to the Ecumenical Temple.
  7733 | Temple   | Entered the Ecumenical Temple
  7896 | Temple   | Became a worshipper of Vehumet
  8153 | D:6      | Found a sparkling altar of Nemelex Xobeh.
  8487 | D:7      | Noticed a troll
  8520 | D:7      | Killed a troll
  8520 | D:7      | Reached XP level 9. HP: 39/45 MP: 11/15
  8654 | D:7      | Found a runed door.
  8668 | D:7      | Learned a level 3 spell: Mephitic Cloud
  8670 | D:7      | Learned a level 1 spell: Magic Dart
  8794 | D:7      | Noticed a gargoyle
  8804 | D:7      | Killed from afar by a gargoyle

Skill      XL: |  1  2  3  4  5  6  7  8 |
---------------+-------------------------+-----
Conjurations   | 2 3 4 5 7 9 |  9.4
Fire Magic     | 4 5 6 7 9 |  9.9
Dodging        | |  2.4
Stealth        | |  2.4
Spellcasting   | |  3.0

Action                   |  1- 3 |  4- 6 |  7- 9 || total
-------------------------+-------+-------+-------++-------
Melee: Hand axe          |     2 |     4 |    17 ||    23
 Fire: Hunting sling     |       |       |    31 ||    31
Throw: Stone             |    52 |    60 |    10 ||   122
 Cast: Flame Tongue      |    68 |    95 |    52 ||   215
       Sticky Flame      |       |    11 |    39 ||    50
       Fireball          |       |       |     4 ||     4
Evoke: Wand              |       |       |     2 ||     2
  Use: Potion            |     7 |       |       ||     7
       Scroll            |     3 |     2 |     5 ||    10
  Eat: Chunk             |     2 |    10 |     9 ||    21
       Ration            |       |       |     4 ||     4
Armor: Robe              |     4 |     7 |    13 ||    24
Dodge: Dodged            |    15 |    18 |    55 ||    88
